Map: 凯罗斯中转站-天梯版

Players

Harstem

  • Race: Protoss Protoss

Neeb - Winner!

  • Race: Protoss Protoss

Event: WESG 2018 Grand Finals

VOD

Have the link to the VOD?

Description

Time

  • Played on: March 11, 2019, 7:49 a.m.
  • Length: 8:13

All games in this series

Show
View Real Time Build Order
Export as new Build Order

Harstem Protoss 

Build Orders:  

Get SALT Encoding   

  12  0:00  Probe  
  13  0:13  Probe  
  14  0:17  Pylon  
  14  0:24  Probe  
  15  0:32  Probe  
  15  0:38  Gateway  
  15  0:41  Probe  
  16  0:48  Assimilator  
  17  0:50  Probe  
  17  0:55  Assimilator  
  18  0:58  Probe  
  19  1:06  Probe  
  19  1:08  Gateway  
  20  1:17  Probe  
  20  1:25  Cybernetics Core  
  21  1:29  Probe  
  22  1:34  Pylon  
  22  1:41  Probe  
  23  1:54  Probe  
  24  2:01  Adept x2  
  24  2:02  Warp Gate  
  28  2:11  Pylon  
  28  2:31  Sentry  
  28  2:32  Sentry  
  32  2:41  Nexus  
  32  2:59  Stalker  
  32  3:00  Shield Battery  
  32  3:04  Stalker, Probe  
  36  3:18  Probe  
  35  3:28  Robotics Facility  
  35  3:30  Probe  
  35  3:33  Pylon  
  38  3:37  Forge  
  38  3:41  Probe  
  39  3:49  Probe  
  39  3:53  Pylon  
  38  3:57  Probe  
  38  3:58  Probe  
  38  4:01  Adept  
  42  4:03  Sentry  
  42  4:06  Probe  
  42  4:08  Probe  
  45  4:12  Protoss Ground Weapons Level 1  
  45  4:13  Observer  
  45  4:14  Probe  
  46  4:21  Probe  
  49  4:25  Probe  
  50  4:33  Stalker x2  
  50  4:35  Probe  
  50  4:37  Probe  
  56  4:44  Shield Battery  
  56  4:47  Probe  
  56  4:50  Immortal  
  56  4:51  Probe  
  56  4:59  Probe  
  55  5:04  Probe  
  59  5:11  Probe  
  60  5:14  Assimilator  
  60  5:16  Probe  
  60  5:17  Assimilator  
  60  5:19  Immortal  
  63  5:32  Twilight Council  
  65  5:35  Pylon  
  65  5:41  Probe  
  65  5:42  Probe  
  65  5:44  Adept x2  
  65  5:48  Shield Battery  
  67  5:53  Warp Prism, Probe  
  65  5:57  Probe  
  64  6:05  Probe  
  64  6:08  Probe  
  66  6:15  Dark Shrine  
  66  6:18  Probe  
  67  6:20  Probe  
  68  6:25  Charge  
  68  6:30  Probe  
  68  6:31  Pylon  
  68  6:32  Probe  
  70  6:42  Probe  
  70  6:44  Gateway  
  70  6:46  Pylon  
  72  6:47  Gateway  
  72  6:51  Stalker x4  
  75  6:56  Probe  
  76  7:04  Immortal  
  76  7:09  Adept  
  76  7:10  Adept  
  76  7:14  Probe  
  76  7:15  Pylon  
  73  7:25  Probe  
  72  7:30  Zealot  
  72  7:33  Probe  
  72  7:34  Gateway  
  69  7:40  Probe  
  69  7:41  Pylon  
  66  7:47  Probe  
Show
View Real Time Build Order
Export as new Build Order

Neeb Protoss - Winner!

Build Orders:  

Get SALT Encoding   

  12  0:00  Probe  
  13  0:12  Probe  
  14  0:16  Pylon  
  14  0:24  Probe  
  15  0:32  Probe  
  15  0:37  Gateway  
  15  0:41  Probe  
  16  0:43  Assimilator  
  17  0:51  Probe  
  17  0:55  Assimilator  
  18  0:59  Probe  
  19  1:07  Probe  
  19  1:12  Gateway  
  20  1:19  Probe  
  20  1:24  Cybernetics Core  
  21  1:31  Probe  
  22  1:36  Pylon  
  22  1:43  Probe  
  23  1:54  Warp Gate  
  23  1:56  Probe  
  24  2:04  Adept x2  
  28  2:08  Probe  
  28  2:12  Pylon  
  29  2:34  Sentry x2  
  33  2:41  Nexus  
  34  3:00  Stalker x2  
  37  3:06  Shield Battery  
  37  3:08  Probe  
  38  3:13  Pylon  
  38  3:23  Robotics Facility  
  38  3:24  Probe  
  37  3:31  Forge  
  37  3:36  Probe  
  38  3:44  Adept  
  38  3:45  Adept  
  38  3:48  Probe x2  
  44  3:57  Probe  
  44  4:00  Probe  
  46  4:04  Adept  
  46  4:07  Protoss Ground Weapons Level 1  
  46  4:08  Probe  
  49  4:12  Warp Prism, Probe  
  50  4:20  Probe  
  53  4:24  Probe  
  54  4:32  Probe  
  54  4:36  Probe  
  56  4:38  Stalker  
  56  4:39  Stalker  
  56  4:44  Pylon  
  56  4:45  Probe  
  61  4:54  Immortal  
  61  4:55  Probe  
  56  5:03  Probe  
  56  5:05  Stalker x2  
  63  5:12  Assimilator  
  63  5:13  Assimilator  
  64  5:18  Pylon  
  64  5:20  Twilight Council  
  64  5:22  Probe  
  64  5:23  Probe  
  65  5:29  Adept x2  
  65  5:32  Immortal  
  65  5:34  Probe  
  70  5:36  Probe  
  73  5:54  Phoenix  
  73  5:56  Protoss Ground Weapons Level 2  
  73  5:57  Probe, Charge  
  74  6:03  Warp Prism  
  68  6:16  Gateway  
  68  6:17  Gateway  
  68  6:18  Gateway  
  70  6:19  Gateway  
  70  6:25  Gateway  
  70  6:29  Templar Archives  
  70  6:34  Gateway  
  70  6:36  Zealot x2  
  75  6:40  Observer  
  76  6:59  Pylon  
  74  7:04  Pylon  
  74  7:05  Nexus  
  74  7:06  Pylon  
  74  7:07  Zealot  
  74  7:08  Zealot  
  78  7:14  Zealot  
  78  7:21  Zealot x3  
  80  7:35  Probe  
  81  7:43  Zealot x3  
  87  7:47  Zealot x4  
Tags
 
Add a new tag
Caveats
  • Supply blocks, unpowered buildings, or Contaminate may cause inaccurate times.
  • Supply counts are checked every 10 seconds.